Map: Crête de Lerilak

Players

zidar

  • Race: Zerg Zerg
  • League: Silver
  • Spawn Location: 5:00

Pigspanker - Winner!

  • Race: Terran Terran
  • League: Gold
  • Spawn Location: 11:00

VOD

Have the link to the VOD?

Description

Time

  • Played on: March 5, 2016, 1:23 p.m.
  • Length: 12:26
Show
View Real Time Build Order
Export as new Build Order

zidar Zerg 

Build Orders: Pool First, Muta Ling Bane 

Get SALT Encoding   

  12  0:02  Drone  
  13  0:12  Overlord  
  13  0:18  Drone  
  14  0:30  Drone x2  
  14  0:34  Drone  
  17  0:48  Spawning Pool  
  16  0:50  Drone  
  17  1:15  Drone  
  17  1:17  Hatchery  
  17  1:18  Extractor  
  17  1:20  Drone  
  17  1:24  Drone  
  18  1:34  Overlord  
  18  1:44  Queen  
  20  1:48  Drone  
  21  2:15  Drone  
  21  2:19  Hatchery  
  21  2:21  Metabolic Boost  
  20  2:32  Queen  
  22  2:38  Extractor  
  21  2:48  Drone  
  22  2:55  Queen  
  24  3:06  Baneling Nest  
  24  3:11  Lair  
  23  3:20  Drone  
  23  3:21  Drone  
  25  3:42  Drone x3  
  28  3:53  Zergling x4  
  28  3:55  Zergling x2  
  31  3:58  Zergling x2  
  32  4:11  Queen  
  34  4:18  Spore Crawler  
  33  4:25  Spore Crawler  
  33  4:27  Drone x2  
  33  4:30  Drone  
  35  4:34  Drone  
  35  4:37  Drone  
  37  4:41  Drone  
  38  4:51  Overseer  
  38  5:08  Drone x4  
  38  5:10  Centrifical Hooks  
  42  5:21  Overlord x2  
  42  5:22  Overlord  
  42  5:28  Extractor  
  42  5:32  Extractor  
  40  5:45  Evolution Chamber  
  40  5:46  Drone x6  
  40  5:47  Extractor x2  
  40  5:49  Drone x2  
  45  6:14  Drone x5  
  50  6:25  Drone  
  50  6:26  Drone x4  
  50  6:32  Baneling  
  55  6:33  Baneling x4  
  55  6:41  Drone x3  
  58  7:00  Zerg Ground Armor Level 1  
  58  7:06  Evolution Chamber  
  57  7:21  Zergling x2  
  58  7:25  Overlord x4  
  58  7:34  Zerg Melee Weapons Level 1, Infestation Pit  
  57  7:39  Drone  
  58  7:47  Zergling x22  
  69  7:55  Spire  
  69  7:56  Drone x4  
  72  8:12  Zergling x8  
  76  8:13  Zergling x8  
  80  8:24  Pneumatized Carapace  
  80  8:32  Drone  
  81  8:50  Hatchery  
  80  9:06  Mutalisk  
  82  9:11  Overlord x2  
  82  9:12  Overlord x3  
  82  9:13  Overlord  
  82  9:48  Mutalisk x15  
  82  9:52  Zergling x6  
  115  9:55  Baneling  
  115  9:56  Baneling x4  
  115  9:58  Baneling x2  
  115  9:59  Baneling  
  115  10:00  Baneling x2  
  115  10:21  Hive  
  115  10:45  Hatchery  
  77  11:14  Zergling x26  
  77  11:15  Zergling x22  
  52  11:47  Mutalisk x3  
  52  11:48  Mutalisk x6  
  69  11:54  Zergling x2  
  69  11:55  Zergling x2  
Show
View Real Time Build Order
Export as new Build Order

Pigspanker Terran - Winner!

Build Orders:  

Get SALT Encoding   

  12  0:02  SCV  
  13  0:17  Supply Depot  
  13  0:18  SCV  
  14  0:30  SCV  
  15  0:40  Barracks  
  15  0:42  SCV  
  16  0:53  Supply Depot  
  16  0:56  SCV  
  17  1:23  Command Center  
  17  1:27  SCV  
  18  1:32  Marine  
  18  1:39  Orbital Command  
  19  1:50  Barracks  
  19  2:16  Refinery  
  19  2:21  Marine  
  20  2:26  SCV  
  21  2:32  Refinery  
  21  2:38  SCV  
  21  2:39  Barracks  
  21  2:40  Marine  
  23  2:45  Orbital Command  
  23  3:02  Barracks Tech Lab  
  23  3:06  SCV  
  24  3:15  Orbital Command  
  24  3:18  SCV  
  25  3:24  Marauder  
  25  3:25  Marine  
  28  3:27  Stimpack  
  28  3:30  Supply Depot  
  28  3:31  Marine  
  29  3:37  SCV  
  30  3:49  SCV  
  30  3:54  SCV  
  32  3:59  Bunker  
  32  4:01  SCV  
  33  4:06  Marine x2, Marauder, SCV  
  38  4:10  Bunker  
  38  4:13  SCV  
  39  4:18  Engineering Bay  
  39  4:23  Marine  
  39  4:24  Marine  
  40  4:25  SCV x2  
  40  4:27  Marauder  
  45  4:37  Factory  
  45  4:45  Marine x2  
  46  4:48  Marauder, SCV x2  
  51  4:53  Refinery  
  51  5:03  Marine x2  
  51  5:05  Terran Infantry Weapons Level 1  
  53  5:16  Marine  
  53  5:21  Engineering Bay  
  54  5:24  Starport  
  54  5:26  Factory Reactor  
  54  5:31  Supply Depot  
  54  5:33  Combat Shield, Supply Depot  
  54  5:51  Terran Infantry Armor Level 1  
  54  5:52  Supply Depot  
  54  5:53  Marine x3  
  54  5:56  Barracks  
  57  6:02  Missile Turret x2  
  57  6:03  Missile Turret, SCV x2  
  59  6:10  Marine x3  
  62  6:15  SCV  
  63  6:20  Armory  
  63  6:21  SCV  
  64  6:27  SCV  
  64  6:28  Marine  
  64  6:29  Medivac x2  
  70  6:34  SCV  
  70  6:39  SCV  
  72  6:45  Refinery  
  72  6:46  SCV  
  73  6:57  SCV  
  73  6:58  SCV  
  75  7:01  Barracks, Medivac  
  75  7:02  Barracks  
  75  7:07  Supply Depot  
  77  7:09  SCV  
  77  7:10  Barracks  
  77  7:12  Supply Depot  
  77  7:25  Command Center, SCV  
  77  7:28  SCV, Medivac  
  81  7:38  Missile Turret x2  
  81  7:41  Missile Turret, SCV x2  
  81  7:43  Missile Turret  
  83  7:45  Marine x2  
  85  7:52  Medivac  
  85  7:55  Terran Infantry Armor Level 2  
  87  8:08  Supply Depot  
  87  8:09  Terran Infantry Weapons Level 2, Supply Depot  
  87  8:12  Supply Depot  
  87  8:13  Factory Tech Lab  
  87  8:19  Marine x4, Marauder  
  93  8:31  Medivac x2  
  97  8:40  SCV x2  
  99  8:47  Marine x3  
  104  8:48  Marauder  
  104  8:49  Marine x2  
  106  9:00  Supply Depot  
  106  9:01  Medivac x2  
  111  9:02  SCV  
  111  9:03  SCV  
  111  9:04  Planetary Fortress  
  111  9:05  Marine x2  
  116  9:10  Marauder  
  116  9:14  Marine x3, SCV  
  116  9:15  SCV  
  121  9:22  Marine  
  122  9:27  Supply Depot  
  122  9:28  Marine, Supply Depot  
  122  9:30  Marine  
  124  9:36  Marine x3  
  124  9:38  Refinery  
  127  9:40  Marine  
  130  9:46  Marine, Hellbat  
  130  9:49  Marauder  
  130  9:51  Supply Depot, Medivac  
  130  9:52  Medivac  
  137  9:53  Marine  
  137  9:54  Marine  
  139  10:01  Marine  
  139  10:02  Marine  
  139  10:04  Marine  
  142  10:10  Marauder  
  142  10:11  Marine x2, Hellbat  
  148  10:19  Marine x2  
  150  10:22  Marine, Supply Depot  
  150  10:24  Supply Depot  
  151  10:28  Supply Depot  
  151  10:29  Marine x2  
  151  10:31  Marauder  
  155  10:37  Marine x2  
  157  10:44  Marine  
  157  10:47  Marine x2  
  160  10:51  Supply Depot  
  160  10:53  Marauder  
  160  10:55  Marine x2  
  164  11:02  Marine  
  165  11:05  Marine x2  
  122  11:13  Marine x2  
  122  11:14  Marauder  
  123  11:19  Marine  
  123  11:23  Marine x2  
  126  11:31  Marine x2  
  128  11:36  Marauder  
  128  11:37  Marine  
  131  11:40  Marine  
  131  11:41  Marine  
  133  11:48  Marine  
  133  11:49  Marine  
  135  11:55  Marine  
  135  11:57  Marauder  
  135  11:58  Marine x2  
  140  12:06  Marine x2  
Tags
 
Composition
Muta Ling Bane
Matchup
TvZ
Opening
Pool First
Spawn Locations
Cross Positions
Add a new tag
Caveats
  • Supply blocks, unpowered buildings, or Contaminate may cause inaccurate times.
  • Supply counts are checked every 10 seconds.